 Dungeon Crawl Stone Soup version 0.30.0-13-g156ef70053 (webtiles) character file.

Game seed: 7944975040491866845

45 howech the Trooper (level 3, -2/29 HPs)
             Began as a Human Chaos Knight on May 17, 2023.
             Was a Plaything of Xom.
             Slain by a worm (14 damage)
             ... on level 2 of the Dungeon.
             The game lasted 00:03:00 (832 turns).

howech the Trooper (Human Chaos Knight)              Turns: 832, Time: 00:03:01

Health: -2/29      AC:  5    Str: 12    XL:     3   Next: 90%
Magic:  3/3        EV: 11    Int: 14    God:    Xom [*.....]
Gold:   90         SH:  0    Dex: 12    Spells: 2/2 levels left

rFire   . . .        a - +0 short sword (chaos)
rCold   . . .        (no shield)
rNeg    . . .        b - +2 leather armour
rPois   .            (no helmet)
rElec   .            (no cloak)
rCorr   .            (no gloves)
SInv    .            (no boots)
Will    .....        (no amulet)
Stlth   +            (no ring)
HPRegen 0.24/turn    (no ring)
MPRegen 0.08/turn

%: no passive effects
@: no status effects
A: no striking features
a: Renounce Religion


You were on level 2 of the Dungeon.
You worshipped Xom.
You were a special plaything of Xom.
You visited 1 branch of the dungeon, and saw 2 of its levels.

You collected 90 gold pieces.

Inventory:

Hand Weapons
 a - a +0 short sword of chaos (weapon)
Missiles
 f - a throwing net
Armour
 b - a +2 leather armour (worn)
Scrolls
 g - a scroll of vulnerability {unknown}
Potions
 d - a potion of resistance {unknown}
 e - 2 potions of haste {unknown}
 h - a potion of flight {unknown}
Miscellaneous
 c - a piece from Xom's chessboard (15/15) (quivered)


   Skills:
 + Level 3.4 Fighting
 + Level 3.4 Short Blades
 + Level 2.5 Armour
 + Level 1.8 Dodging


You had 2 spell levels left.
You didn't know any spells.
Your spell library contained the following spells:

 Spells                   Type           Power      Damage    Failure   Level
 Magic Dart               Conj           0%         1d3       36%         1
 Blink                    Tloc           0%         N/A       50%         2
 Lesser Beckoning         Tloc           0%         N/A       50%         2
 Momentum Strike          Conj/Tloc      0%         3d8       50%         2
 Searing Ray              Conj           0%         2d4       50%         2
 Fulminant Prism          Conj/Hex       0%         3d5       98%         4


Dungeon Overview and Level Annotations

Branches:
Dungeon (2/15)

Altars:
Uskayaw


Message History

The ball python bites you but does no damage.
The ball python constricts you.
You hit the ball python but do no damage.
The ball python suddenly seems more agile.
The ball python is severely wounded.
You feel sick.
The ball python bites you but does no damage.
The ball python constricts you.
You hit the ball python.
Lightning courses through the ball python!
You kill the ball python!
You feel sick.
You hit the rat but do no damage.
You feel sick. The rat bites you but does no damage.
You hit the rat. Lightning courses through the rat!
You kill the rat!
You feel sick.
The kobold throws a stone.
The stone hits you.
You feel sick. The kobold hits you but does no damage.
Things that are here:
a rat corpse; an adder corpse You hit the kobold but do no damage.
You feel sick.
You are no longer poisoned.
You barely miss the kobold. The kobold hits you but does no damage.
You hit the kobold. You burn the kobold.
You kill the kobold!
A worm comes into view.
Things that are here:
a +0 dagger; 2 stones; a kobold corpse An endoplasm comes into view.
Found an escape hatch in the ceiling.
You hit the worm.
The worm is lightly wounded.
The worm bites you.
You hit the worm. You freeze the worm.
The worm is lightly wounded.
You hit the worm.
The worm goes berserk!
The worm is lightly wounded.
Your cleaving frenzy subsides.
The worm bites you!
You die...

#.##.......#
#.....
#.##.......#
#.....
#>.........#
#..... #
####.......#
#.....
#.####†#######
#.....
#.....)#
######
#......#
##.._...#
#......@#
#......w#
#..##.#.J
##........
######....
#..... #......
#<......


You could see a worm (berserk) and an endoplasm.

Vanquished Creatures
  2 adders (D:2)
  A dart slug (D:2)
  A bat (D:1)
  3 endoplasms (D:2)
  4 giant cockroaches
  3 hobgoblins
  A kobold (D:2)
  5 ball pythons
  7 rats
27 creatures vanquished.

Notes
Turn   | Place    | Note
-------+----------+-------------------------------------------
     0 | D:1      | howech the Human Chaos Knight began the quest for the Orb.
     0 | D:1      | Reached XP level 1. HP: 18/18 MP: 1/1
   138 | D:1      | Reached XP level 2. HP: 17/24 MP: 2/2
   344 | D:1      | XOM: summons 2 hostile demons
   345 | D:1      | Noticed a crimson imp
   349 | D:1      | XOM: smoke on damage
   388 | D:1      | XOM: stat loss: -1 Int (11/12)
   564 | D:2      | Reached XP level 3. HP: 13/29 MP: 3/3
   804 | D:2      | Found a hide-covered altar of Uskayaw.
   812 | D:2      | XOM: cleaving
   832 | D:2      | Slain by a worm

Illustrated notes

Levels and vault maps discovered:
D:1:      minmay_arrival_nine_rooms, layout_basic,
          shapermc_ecumenical_altar_notcrosses, minmay_rat_gold_closets
D:2:      layout_basic, basic_altar, minmay_circle_x

Action                     || total
---------------------------++-------
  Melee: Short sword       ||   130
    Use: Potion            ||     1
   Stab: Sleeping          ||     1
 Armour: Leather armour    ||    43
  Dodge: Dodged            ||    62
